 Dungeon Crawl Stone Soup version 0.24-a0-201-gf205589 (webtiles) character file.

Game seed: 16114109772847197920

214 nikopol the Firebug (level 5, 0/28 HPs)
             Began as a Deep Elf Fire Elementalist on Mar 22, 2019.
             Shot with an arrow by a centaur (5 damage)
             ... on level 2 of the Dungeon.
             The game lasted 00:04:12 (1694 turns).

nikopol the Firebug (Deep Elf Fire Elementalist)    Turns: 1694, Time: 00:04:13

Health: 0/28       AC:  2    Str:  5    XL:     5   Next: 60%
Magic:  11/14      EV: 13    Int: 21    God:
Gold:   146        SH:  0    Dex: 15    Spells: 3/13 levels left

rFire    . . .     SeeInvis .   d - +0 short sword
rCold    . . .     Gourm    .   (no shield)
rNeg     . . .     Faith    .   a - +0 robe
rPois    .         Spirit   .   (no helmet)
rElec    .         Reflect  .   (no cloak)
rCorr    .         Harm     .   (no gloves)
MR       .....                  (no boots)
Stlth    +++.......             (no amulet)
HPRegen  0.09/turn              (no ring)
MPRegen  0.14/turn              (no ring)

@: no status effects
A: no striking features
a: no special abilities


You were on level 2 of the Dungeon.
You were not hungry.

You visited 1 branch of the dungeon, and saw 2 of its levels.

You collected 146 gold pieces.

Inventory:

Hand Weapons
 d - a +0 short sword (weapon)
Armour
 a - a +0 robe (worn)
Jewellery
 g - an uncursed ring of flight {unknown}
Wands
 h - a wand of flame (11)
Scrolls
 e - a scroll of amnesia {unknown}
 f - a scroll of identify {unknown}
Potions
 i - a potion of heal wounds {unknown}
 j - a potion of flight {unknown}
Comestibles
 c - 2 rations
 k - a chunk of flesh


   Skills:
 + Level 2.9 Dodging
 + Level 3.8 Stealth
 + Level 4.6 Spellcasting
 + Level 2.5 Conjurations
 + Level 5.0 Fire Magic


You had 3 spell levels left.
You knew the following spells:

 Your Spells              Type           Power        Failure   Level  Hunger
a - Flame Tongue          Conj/Fire      ###..        2%          1    None
b - Throw Flame           Conj/Fire      ###...       3%          2    #......
c - Conjure Flame         Conj/Fire      ###.....     7%          3    ##.....
d - Sticky Flame          Conj/Fire      ###.....     24%         4    ####...

Your spell library contained the following spells:

 Spells                   Type           Power        Failure   Level  Hunger
 Inner Flame              Hex/Fire       ###.....     12%         3    ##.....
 Fireball                 Conj/Fire      ###.......   54%         5    ######.


Dungeon Overview and Level Annotations

Branches:
Dungeon (2/15)

Altars:
Ru


Message History

The centaur wields a +0 shortbow.
The centaur shoots an arrow.
The arrow hits you!
The kobold throws a stone.
The stone hits you but does no damage.
The kobold throws a stone.
The stone hits you.
You see here a stone.
A kobold is nearby!
Casting: Flame Tongue (safe; 2% risk of failure)
Confirm with . or Enter, or press ? or * to list all spells.
Aiming: Throw Flame (safe; 3% risk of failure)
Press: ? - help, Shift-Dir - straight line, f/p - kobold
Aim: a kobold, wielding a -1 short sword (severely wounded)
The puff of flame misses the kobold.
The centaur shoots an arrow.
The arrow hits you.
The centaur shoots an arrow.
The arrow hits you!
* * * LOW HITPOINT WARNING * * *
You see here 2 arrows.
As you read the scroll labeled COPPEGHEPOC, it crumbles to dust.
You hear a loud clanging noise!
It was a scroll of noise.
The centaur shoots an arrow.
The arrow hits you.
You die...

# #.##.#
###.............#.....≈
###.. .#
#...............##.##..
...###
.###................#.##≈.
#..#
......................####
....
....#...............†#####
...
....#.....(..........##...
##
................(.......##
##.
.................(......##
...
.......((@..#...........##
###
..(...c##(.........<....##
..#...............########
##cK......###.### ####
..>..###.## #.# #####...
...... ... ... ........
###.... ...... ........
...#. #### ###..... ###
#.....


You could see a centaur.

Vanquished Creatures
  Sigmund (D:2)
  Terence (D:2)
  4 leopard geckos
  3 giant cockroaches
  3 goblins
  6 hobgoblins (D:2)
  A ball python (D:1)
  5 bats
  5 frilled lizards
  3 kobolds
  5 rats
37 creatures vanquished.

Vanquished Creatures (others)
  4 toadstools (D:1)
4 creatures vanquished.

Grand Total: 41 creatures vanquished

Notes
Turn   | Place    | Note
-------+----------+-------------------------------------------
     0 | D:1      | nikopol the Deep Elf Fire Elementalist began the quest for
                  | the Orb.
     0 | D:1      | Reached XP level 1. HP: 10/10 MP: 6/6
   215 | D:1      | Reached XP level 2. HP: 15/15 MP: 6/8
   655 | D:2      | Noticed Sigmund
   851 | D:2      | Reached skill level 4 in Fire Magic
   964 | D:2      | Learned a level 2 spell: Throw Flame
  1150 | D:2      | Reached XP level 3. HP: 19/19 MP: 4/9
  1236 | D:2      | Found a sacrificial altar of Ru.
  1346 | D:2      | Killed Sigmund
  1346 | D:2      | Reached XP level 4. HP: 24/24 MP: 3/12
  1346 | D:2      | Reached XP level 5. HP: 28/28 MP: 3/13
  1438 | D:2      | Learned a level 3 spell: Conjure Flame
  1443 | D:2      | Learned a level 4 spell: Sticky Flame
  1443 | D:2      | Found a faded altar of an unknown god.
  1479 | D:2      | Noticed Terence
  1493 | D:2      | Killed Terence
  1493 | D:2      | Reached skill level 5 in Fire Magic
  1688 | D:2      | Noticed a centaur
  1694 | D:2      | Shot with an arrow by a centaur

Levels and vault maps discovered:
D:1:      dpeg_arrival_long_road, layout_loops_ring, minmay_gold_behind_fungi,
          st_stairs_1
D:2:      layout_rooms, nicolae_ru_path_of_blood,
          chequers_ecumenical_altar_island, minmay_tiny_reverse_x, uniq_terence,
          uniq_sigmund

Skill      XL: |  1  2  3  4  5 |
---------------+----------------+-----
Fire Magic     | 4 5 |  5.0
Stealth        | 3 |  3.8
Spellcasting   | 4 |  4.6
Conjurations   | 2 |  2.5
Dodging        | |  2.9

Action                   |  1- 3 |  4- 6 || total
-------------------------+-------+-------++-------
 Cast: Flame Tongue      |    43 |    13 ||    56
       Throw Flame       |     3 |     3 ||     6
       Conjure Flame     |       |     1 ||     1
  Use: Scroll            |       |     1 ||     1
  Eat: Chunk             |     1 |     1 ||     2
Dodge: Dodged            |     7 |     1 ||     8

Table legend:
 A = Non-vault XP
 B = Vault XP
 C = Vault XP percentage of total XP
 D = Non-vault monster count
 E = Vault monster count
 F = Vault count percentage of total count
                 A         B        C        D         E       F
            +---------+---------+-------+---------+---------+-------
      Total |      54 |     253 |  82.4 |      32 |       5 |  13.5
            +---------+---------+-------+---------+---------+-------
        D:1 |      23 |       1 |   4.2 |      14 |       1 |   6.7
        D:2 |      31 |     252 |  89.0 |      18 |       4 |  18.2
            +---------+---------+-------+---------+---------+-------
